General information
- name: BNet
- type: Ladder team game (AT/RT)
- host: Battle.net
- saver: NorthWind
map: Mur'gulOasis
- players: 8
- length: 44:06
- speed: Fast
- version: 1.26 W3XP
- replay type: Public
» download(191 KB)
Players
team 1 (winner)

»
Bg_NigHt_wAlKeR (
pink | 56 APM | 624 actions | 11:04)
3 Tauren Chieftain
1 War Stomp
2 Endurance Aura
1 Shadow Hunter
1 Hex
» actions
| Assign group hotkey | 6 | |
| Basic commands | 4 | |
| Build / train | 34 | |
| ESC pressed | 1 | |
| Enter build submenu | 10 | |
| Enter hero's abilities submenu | 4 | |
| Give item / drop item | 3 | |
| Right click | 347 | |
| Select / deselect | 103 | |
| Select group hotkey | 70 | |
| Use ability | 42 | |
624 total
» units
» upgrades
» buildings
| Altar of Storms | 1 | |
| Orc Burrow | 4 | |
| Barracks | 1 | |
| War Mill | 1 | |
| Watch Tower | 2 | |
| Voodoo Lounge | 1 | |
| Stronghold | 1 | |
| Fortress | 1 | |
12 total
» build order
00:22 Altar of Storms
00:25 Orc Burrow
00:55 Barracks
01:36 Orc Burrow
01:51 War Mill
03:00 Orc Burrow
03:09 Watch Tower
03:20 Voodoo Lounge
04:14 Stronghold
05:11 Watch Tower
05:32 Orc Burrow
08:19 Fortress
» items
| Healing Salve | 4 | |
| Lesser Clarity Potion | 2 | |
| Potion of Healing | 1 | |
| Scroll of Town Portal | 1 | |
8 total
R0B0 (
orange | 35 APM | 389 actions | 11:01)
2 Far Seer
1 Feral Spirit
1 Chain Lighting
» actions
| Build / train | 22 | |
| Enter build submenu | 16 | |
| Enter hero's abilities submenu | 2 | |
| Remove unit from queue | 2 | |
| Right click | 170 | |
| Select / deselect | 145 | |
| Use ability | 32 | |
389 total
» units
» upgrades
| Ranged Weapons | 1 | |
| Armor | 1 | |
| Shaman Training | 2 | |
4 total
» buildings
| Altar of Storms | 1 | |
| Orc Burrow | 4 | |
| War Mill | 1 | |
| Voodoo Lounge | 1 | |
| Watch Tower | 2 | |
| Stronghold | 1 | |
| Spirit Lodge | 1 | |
| Fortress | 1 | |
| Beastiary | 1 | |
13 total
» build order
00:07 Altar of Storms
00:09 Orc Burrow
01:15 War Mill
01:51 Voodoo Lounge
02:06 Orc Burrow
02:39 Watch Tower
03:43 Stronghold
03:47 Orc Burrow
04:51 Watch Tower
06:19 Spirit Lodge
06:21 Fortress
07:51 Beastiary
07:58 Orc Burrow
NorthWind (
yellow | 61 APM | 2670 actions | 44:06)
7 Archmage
2 Summon Water Elemental
3 Brilliance Aura
2 Blizzard
» actions
| Assign group hotkey | 114 | |
| Basic commands | 68 | |
| Build / train | 132 | |
| ESC pressed | 4 | |
| Enter build submenu | 37 | |
| Enter hero's abilities submenu | 5 | |
| Give item / drop item | 3 | |
| Right click | 1092 | |
| Select / deselect | 284 | |
| Select group hotkey | 796 | |
| Use ability | 135 | |
2670 total
» units
| Peasant | 12 | |
| Footman | 6 | |
| Gryphon Rider | 3 | |
21 total
» upgrades
| Masonry | 3 | |
| Swords | 2 | |
| Lumber Harvesting | 1 | |
| Armor | 2 | |
| Animal War Training | 1 | |
| Storm Hammers | 1 | |
| Gunpowder | 1 | |
| Plating | 1 | |
12 total
» buildings
| Altar of Kings | 2 | |
| Barracks | 1 | |
| Farm | 8 | |
| Arcane Vault | 1 | |
| Keep | 4 | |
| Lumber Mill | 1 | |
| Blacksmith | 1 | |
| Castle | 4 | |
| Gryphon Aviary | 2 | |
| Scout Tower | 17 | |
| Guard Tower | 44 | |
| Arcane Tower | 3 | |
88 total
» build order
00:52 Altar of Kings
00:53 Barracks
00:56 Altar of Kings
00:57 Farm
01:05 Farm
01:20 Farm
01:58 Arcane Vault
02:13 Farm
03:29 Keep
03:29 Keep
05:09 Lumber Mill
05:38 Blacksmith
05:57 Castle
05:58 Castle
07:09 Gryphon Aviary
07:12 Gryphon Aviary
09:04 Farm
09:05 Farm
09:07 Farm
09:09 Farm
10:31 Scout Tower
10:32 Scout Tower
10:33 Scout Tower
10:36 Scout Tower
11:10 Guard Tower
11:10 Guard Tower
11:10 Guard Tower
11:10 Guard Tower
11:11 Guard Tower
11:12 Guard Tower
11:12 Guard Tower
11:19 Guard Tower
11:19 Guard Tower
11:19 Guard Tower
11:25 Scout Tower
11:26 Scout Tower
11:29 Scout Tower
11:49 Scout Tower
11:50 Scout Tower
11:52 Scout Tower
11:53 Scout Tower
12:01 Guard Tower
12:06 Guard Tower
12:06 Guard Tower
12:15 Guard Tower
12:15 Guard Tower
12:31 Guard Tower
12:31 Guard Tower
12:31 Guard Tower
12:32 Guard Tower
12:32 Guard Tower
12:32 Guard Tower
12:33 Guard Tower
12:33 Guard Tower
12:39 Guard Tower
12:39 Guard Tower
12:39 Guard Tower
12:44 Scout Tower
12:46 Scout Tower
13:04 Scout Tower
13:05 Scout Tower
13:09 Scout Tower
13:14 Guard Tower
13:15 Guard Tower
13:53 Guard Tower
13:53 Guard Tower
13:53 Guard Tower
18:24 Scout Tower
18:51 Arcane Tower
18:51 Arcane Tower
» items
| Scroll of Regeneration | 5 | |
| Staff of Teleportation | 1 | |
| Mechanical Critter | 2 | |
| Potion of Invisibility | 4 | |
| Tome of Retraining | 1 | |
13 total
ACESCO (
green | 110 APM | 1237 actions | 11:13)
3 Death Knight
1 Death Coil
2 Unholy Aura
1 Lich
1 Frost Nova
» actions
| Assign group hotkey | 12 | |
| Build / train | 39 | |
| Enter build submenu | 8 | |
| Enter hero's abilities submenu | 4 | |
| Right click | 754 | |
| Select / deselect | 138 | |
| Select group hotkey | 229 | |
| Use ability | 53 | |
1237 total
» units
| Acolyte | 6 | |
| Ghoul | 2 | |
| Crypt Fiend | 11 | |
19 total
» upgrades
| Creature Attack | 2 | |
| Creature Carapace | 1 | |
| Burrow | 1 | |
4 total
» buildings
| Graveyard | 1 | |
| Crypt | 1 | |
| Altar of Darkness | 1 | |
| Ziggurat | 4 | |
| Tomb of Relics | 1 | |
| Nerubian Tower | 1 | |
| Halls of the Dead | 1 | |
10 total
» build order
00:11 Graveyard
00:14 Crypt
00:46 Altar of Darkness
00:57 Ziggurat
01:25 Tomb of Relics
01:56 Nerubian Tower
03:03 Halls of the Dead
03:37 Ziggurat
04:55 Ziggurat
06:23 Ziggurat
» items
| Rod of Necromancy | 1 | |
| Healing Salve | 2 | |
| Potion of Healing | 2 | |
| Orb of Lightning | 1 | |
| Potion of Mana | 1 | |
7 total
team 2 (loser)

»
KillaManJahRo (
red | 33 APM | 1458 actions | 44:06)
5 Demon Hunter
2 Immolation
3 Evasion
4 Keeper of the Grove
2 Entangling Roots
2 Force of Nature
» actions
| Assign group hotkey | 18 | |
| Basic commands | 225 | |
| Build / train | 77 | |
| Enter build submenu | 16 | |
| Enter hero's abilities submenu | 9 | |
| Give item / drop item | 1 | |
| Right click | 499 | |
| Select / deselect | 323 | |
| Select group hotkey | 212 | |
| Use ability | 78 | |
1458 total
» units
| Wisp | 12 | |
| Archer | 9 | |
| Chimaera | 11 | |
| Hippogryph | 6 | |
| Siege Engine | 4 | |
| Sorceress | 2 | |
| Spell Breaker | 2 | |
46 total
» upgrades
| Strength of the Wild | 2 | |
| Reinforced Hides | 1 | |
| Corrosive Breath | 1 | |
4 total
» buildings
| Altar of Elders | 1 | |
| Moon Well | 6 | |
| Ancient of War | 1 | |
| Tree of Ages | 1 | |
| Hunter's Hall | 1 | |
| Tree of Eternity | 1 | |
| Ancient of Wind | 2 | |
| Ancient of Wonders | 1 | |
| Chimaera Roost | 2 | |
| Tree of Life | 2 | |
18 total
» build order
00:11 Altar of Elders
00:18 Moon Well
00:39 Ancient of War
01:15 Moon Well
02:14 Moon Well
03:20 Tree of Ages
03:45 Hunter's Hall
04:37 Moon Well
05:41 Tree of Eternity
05:48 Ancient of Wind
05:54 Ancient of Wonders
08:10 Chimaera Roost
08:11 Chimaera Roost
09:37 Moon Well
11:32 Moon Well
20:23 Ancient of Wind
21:38 Tree of Life
24:54 Tree of Life
» items
| Healing Salve | 4 | |
| Lesser Clarity Potion | 6 | |
| Scroll of Town Portal | 1 | |
| Potion of Healing | 3 | |
14 total

»
imbackpwning (
teal | 17 APM | 629 actions | 37:47)
4 Death Knight
2 Death Coil
2 Unholy Aura
» actions
| Basic commands | 37 | |
| Build / train | 49 | |
| Enter build submenu | 20 | |
| Enter hero's abilities submenu | 4 | |
| Right click | 298 | |
| Select / deselect | 184 | |
| Use ability | 37 | |
629 total
» units
| Acolyte | 14 | |
| Ghoul | 3 | |
| Crypt Fiend | 8 | |
| Frost Wyrm | 5 | |
30 total
» upgrades
| Creature Attack | 1 | |
| Creature Carapace | 1 | |
| Web | 1 | |
3 total
» buildings
| Crypt | 1 | |
| Altar of Darkness | 1 | |
| Ziggurat | 9 | |
| Graveyard | 1 | |
| Tomb of Relics | 1 | |
| Nerubian Tower | 1 | |
| Halls of the Dead | 1 | |
| Spirit Tower | 5 | |
| Black Citadel | 1 | |
| Sacrificial Pit | 1 | |
| Boneyard | 2 | |
24 total
» build order
00:53 Crypt
00:57 Altar of Darkness
01:04 Ziggurat
01:08 Graveyard
01:17 Tomb of Relics
01:33 Ziggurat
02:07 Nerubian Tower
03:33 Halls of the Dead
04:48 Ziggurat
04:59 Spirit Tower
05:58 Black Citadel
06:58 Sacrificial Pit
07:01 Ziggurat
09:31 Boneyard
09:38 Boneyard
10:23 Spirit Tower
14:56 Ziggurat
15:02 Ziggurat
15:16 Ziggurat
15:19 Ziggurat
15:21 Spirit Tower
15:39 Ziggurat
16:37 Spirit Tower
23:24 Spirit Tower
» items
| Rod of Necromancy | 1 | |
| Potion of Healing | 2 | |
3 total
tkrkwlqkrkwl (
purple | 62 APM | 1287 actions | 20:42)
4 Archmage
2 Blizzard
2 Brilliance Aura
3 Blood Mage
2 Flame Strike
1 Siphon Mana
» actions
| Assign group hotkey | 21 | |
| Basic commands | 74 | |
| Build / train | 64 | |
| Enter build submenu | 20 | |
| Enter hero's abilities submenu | 7 | |
| Right click | 434 | |
| Select / deselect | 444 | |
| Select group hotkey | 134 | |
| Use ability | 89 | |
1287 total
» units
| Peasant | 10 | |
| Priest | 3 | |
| Sorceress | 3 | |
| Spell Breaker | 2 | |
| Mortar Team | 3 | |
| Siege Engine | 5 | |
26 total
» upgrades
| Barrage | 1 | |
| Gunpowder | 2 | |
| Magic Sentry | 1 | |
| Masonry | 1 | |
5 total
» buildings
| Altar of Kings | 1 | |
| Farm | 9 | |
| Lumber Mill | 1 | |
| Scout Tower | 2 | |
| Arcane Tower | 4 | |
| Keep | 2 | |
| Arcane Vault | 1 | |
| Guard Tower | 7 | |
| Arcane Sanctum | 2 | |
| Blacksmith | 1 | |
| Castle | 2 | |
| Workshop | 2 | |
34 total
» build order
00:09 Altar of Kings
00:14 Farm
00:53 Lumber Mill
01:10 Scout Tower
01:44 Arcane Tower
01:44 Arcane Tower
02:21 Keep
02:21 Keep
02:31 Scout Tower
02:34 Arcane Vault
02:37 Farm
02:45 Farm
03:03 Guard Tower
03:03 Guard Tower
03:06 Farm
04:49 Arcane Sanctum
04:56 Arcane Sanctum
05:06 Blacksmith
05:34 Castle
05:34 Castle
06:35 Workshop
07:40 Farm
07:44 Workshop
08:30 Farm
08:54 Farm
11:17 Farm
12:49 Farm
15:27 Arcane Tower
15:28 Guard Tower
15:28 Guard Tower
» items
| Healing Salve | 1 | |
| Scroll of Town Portal | 1 | |
| Ivory Tower | 2 | |
4 total
Yo.Yo (
blue | 53 APM | 2339 actions | 44:06)
5 Blademaster
3 Wind Walk
2 Critical Strike
» actions
| Assign group hotkey | 58 | |
| Basic commands | 304 | |
| Build / train | 65 | |
| Enter build submenu | 44 | |
| Enter hero's abilities submenu | 6 | |
| Give item / drop item | 8 | |
| Remove unit from queue | 7 | |
| Right click | 1099 | |
| Select / deselect | 402 | |
| Select group hotkey | 211 | |
| Use ability | 135 | |
2339 total
» units
» upgrades
| Armor | 3 | |
| Ranged Weapons | 3 | |
| Envenomed Spears | 1 | |
| Reinforced Defenses | 1 | |
8 total
» buildings
| Orc Burrow | 8 | |
| Altar of Storms | 1 | |
| Barracks | 1 | |
| Voodoo Lounge | 2 | |
| Stronghold | 3 | |
| War Mill | 1 | |
| Beastiary | 4 | |
| Watch Tower | 28 | |
| Fortress | 1 | |
| Great Hall | 1 | |
50 total
» build order
00:14 Orc Burrow
00:51 Altar of Storms
00:52 Barracks
01:06 Orc Burrow
01:47 Voodoo Lounge
02:50 Stronghold
02:50 Stronghold
04:08 War Mill
04:13 Orc Burrow
06:07 Beastiary
06:08 Beastiary
06:41 Orc Burrow
06:44 Watch Tower
06:46 Watch Tower
06:48 Watch Tower
06:50 Watch Tower
06:55 Watch Tower
09:29 Orc Burrow
12:08 Fortress
14:54 Great Hall
14:57 Watch Tower
14:58 Watch Tower
14:58 Watch Tower
14:59 Watch Tower
15:01 Watch Tower
15:01 Watch Tower
15:02 Watch Tower
15:03 Watch Tower
16:20 Voodoo Lounge
16:30 Orc Burrow
16:35 Orc Burrow
17:00 Watch Tower
17:02 Watch Tower
17:06 Watch Tower
17:07 Watch Tower
17:07 Watch Tower
17:16 Beastiary
17:19 Beastiary
28:11 Watch Tower
28:11 Watch Tower
28:11 Watch Tower
28:12 Watch Tower
28:13 Watch Tower
28:15 Watch Tower
28:16 Watch Tower
28:17 Watch Tower
28:18 Watch Tower
28:19 Watch Tower
40:42 Orc Burrow
» items
| Healing Salve | 6 | |
| Staff of Teleportation | 1 | |
| Potion of Healing | 1 | |
| Orb of Lightning | 1 | |
| Scroll of Town Portal | 1 | |
10 total
Chat log
(00:05 / Allies) Bg_NigHt_wAlKeR: hi guys
(00:10 / Allies) NorthWind: Yo yo
(00:12 / Allies) R0B0: yo im high
(00:14 / Allies) Bg_NigHt_wAlKeR: oj units-heros??
(00:20 / Allies) ACESCO: hi
(00:27 / Allies) ACESCO: far expands
(00:32 / Allies) Bg_NigHt_wAlKeR: robo
(00:35 / Allies) Bg_NigHt_wAlKeR: units-heros??
(00:39 / Allies) NorthWind: I got air covered
(00:41 / Allies) R0B0: fs wyv
(00:42 / Allies) R0B0: shams
(00:43 / Allies) NorthWind: and early footies obviously
(00:44 / Allies) Bg_NigHt_wAlKeR: k
(00:51 / Allies) ACESCO: fiends
(00:56 / Allies) R0B0: shams wyvs
(00:59 / Allies) Bg_NigHt_wAlKeR: tc melee docs here
(02:18 / Allies) ACESCO: ups
(02:31 / All) NorthWind: lvl 1 harassing retard
(02:36 / All) ACESCO: hahaha
(04:10 / Allies) ACESCO: purple
(04:18 / Allies) R0B0: ye
(05:18 / Allies) ACESCO: again
(05:38 / All) R0B0: mkay
(07:36 / Allies) R0B0: bb
(08:36 / Allies) Bg_NigHt_wAlKeR: prob gonna need help soon here
(10:16 / All) Bg_NigHt_wAlKeR: gg team sux
(10:23 / All) Bg_NigHt_wAlKeR: cant 1 vs 2 u guys
(10:23 / All) R0B0: lol
(10:30 / All) R0B0: he cant he sucks
(10:41 / All) Bg_NigHt_wAlKeR: u guys are 2 vs 1 bottom and cant barely handle it
(10:52 / All) Bg_NigHt_wAlKeR: gg
(10:57 / All) Bg_NigHt_wAlKeR: team reaaallyy sux
(13:35 / All) NorthWind: We've got a tard
(13:48 / All) NorthWind: purp trying to surround aoe hero with militia
(20:45 / All) NorthWind: I'm gonna research gunpowder and iron plating, gentlemen
(20:48 / All) NorthWind: I think I could use it
(21:00 / All) NorthWind: Good thing I have a mining base
(21:02 / All) NorthWind: fucking idiots
(21:29 / All) NorthWind: Purple maphack
(21:34 / All) NorthWind: He sees my gryphons going after his tank
(21:35 / All) NorthWind: runs it back
(23:23 / All) NorthWind: Teal and red will need to work hard for this win
(25:36 / All) NorthWind: fucking slow
(26:44 / All) NorthWind: lol you idiots can't kill 2 buildingd
(27:57 / All) NorthWind: lmao he gets more desperate with archers when I tip him off
(29:07 / All) Yo.Yo: Whoops
(29:32 / All) NorthWind: Teal no gold
(29:37 / All) NorthWind: These retards couldn't kill 2 BUILDINGS!
(29:40 / All) NorthWind: LOL
(29:46 / All) NorthWind: How's it feel red and teal?
(29:52 / All) Yo.Yo: closest stab ever only accomplished because purple left lol!
(30:29 / All) NorthWind: I wonder what's going through their heads right now
(30:49 / All) NorthWind: well who am I kidding
(30:54 / All) NorthWind: nothing is likely to go through their heads
(31:53 / All) NorthWind: This feels like a custom map when I'm controlling 2 gryphons
(32:22 / All) NorthWind: I wish 4v4 maps had more health fountains, sucks how long it takes these to regenerate HP without scrolls or staff, look at
(32:24 / All) NorthWind: taht shit
(32:29 / All) Yo.Yo: Blue and red probably would have won if they just atatcked your buildings
(32:34 / All) Yo.Yo: red had a couple chims attacking my base
(32:48 / All) NorthWind: They probably thought there's no way they could lose
(33:00 / All) NorthWind: but there's a first time for everything, such as when the player with 2 buildings and 0 food allies wins
(33:09 / All) Yo.Yo: We need to start making a contingency peon
(33:17 / All) Yo.Yo: to hide a base when things turn really sour
(33:24 / All) NorthWind: yeah
(33:31 / All) NorthWind: I should have hid buildings when I realised it would come to just my base
(33:39 / All) NorthWind: I didn't think they'd get past my towers
(33:57 / All) Yo.Yo: tanks are gay
(34:00 / All) Yo.Yo: so are chims
(34:12 / All) NorthWind: chims are a noob unit for a noob race
(34:16 / All) Yo.Yo: They should just remove tanks from teh game
(34:28 / All) Yo.Yo: or remove their anti air
(34:43 / All) Yo.Yo: they rape bases too fast
(34:46 / All) NorthWind: That's one of the few things better in RoC
(34:48 / All) NorthWind: They have no barrage
(36:04 / All) Yo.Yo: Purple is MVP
(36:15 / All) NorthWind: These gryphons are putting in some work
(36:45 / All) Yo.Yo: If purple stayed I wouldn't have been able to stop them all from attacking your base + attack their baes
(37:10 / All) NorthWind: They could have been using him to make units better too
(37:12 / All) NorthWind: but didn't think to
(37:17 / All) NorthWind: probably thought it was over
(37:23 / All) Yo.Yo: they were making tanks
(37:27 / All) Yo.Yo: but I was able to control them
(37:33 / All) NorthWind: there was a lot of time they weren't producing anything
(37:36 / All) NorthWind: Yeah I was panicking in /f m
(37:39 / All) NorthWind: TANKS TANKS TANKS
(38:13 / All) NorthWind: Help me out to kill this purple shit
(38:28 / All) NorthWind: tp and kill it imo
(38:53 / All) Yo.Yo: bump my thread
(39:04 / All) NorthWind: k I have buildings queued, alt tabbing to do that
(39:25 / All) Yo.Yo: the cloak of flame icon is badass
(39:55 / All) NorthWind: It's so ridiculous on harass heroes like bms and am
(39:59 / All) NorthWind: looks badass too
(40:15 / All) NorthWind: By far the coolest item
(40:36 / All) Yo.Yo: wait
(40:44 / All) NorthWind: He talking in allied chat?
(40:54 / All) Yo.Yo: teal
(40:56 / All) Yo.Yo: *
(40:58 / All) Yo.Yo: teal and red
(41:02 / All) Yo.Yo: red
(41:05 / All) Yo.Yo: anything to say for yourself?
(41:15 / All) NorthWind: They lost to 2 BUILDINGS! LOL
(41:51 / All) Yo.Yo: Are you there red?
(42:24 / All) Yo.Yo: Want me to win, red?
(42:28 / All) Yo.Yo: Would you like to win?
(43:00 / All) Yo.Yo: Would you like to win, red?
(43:18 / All) Yo.Yo: Wanna win, red?
(43:23 / All) Yo.Yo: I bet you'd like that, huh?
(43:35 / All) NorthWind: He must not want to win with how he didn't even try and lost to 2 BUILDINGS!
(43:46 / All) Yo.Yo: Yep, he's being awfully quiet
(43:54 / All) Yo.Yo: Go ahead and have the honor of killing our last building
(44:01 / All) NorthWind: 673-676 now